 Dungeon Crawl Stone Soup version 0.27.1-2-g3b301248ec (webtiles) character file.

Game seed: 15260002020507524495

268 H0rd4k the Insei (level 6, -2/38 HPs)
             Began as an Octopode Transmuter on Sept 23, 2021.
             Killed by nerve-wracking pain
             ... invoked by an orc priest
              (13 damage)
             ... on level 4 of the Dungeon.
             The game lasted 00:03:23 (4936 turns).

H0rd4k the Insei (Octopode Transmuter)              Turns: 4936, Time: 00:03:23

Health: -2/38      AC:  2    Str: 10    XL:     6   Next: 21%
Magic:  7/10       EV: 20    Int: 17    God:
Gold:   131        SH:  0    Dex: 17    Spells: 6/10 levels left

rFire    . . .     SeeInvis .     - Unarmed
rCold    . . .     Faith    .   (shield currently unavailable)
rNeg     . . .     Spirit   .   (helmet currently unavailable)
rPois    x         Reflect  .   (no amulet)
rElec    .         Harm     .   (no ring)
rCorr    .         Rampage  .   (no ring)
Will     .....                  (no ring)
Stlth    ++........             (no ring)
HPRegen  0.12/turn              (no ring)
MPRegen  0.12/turn              (no ring)
                                (no ring)
                                (no ring)

@: spider-form (expiring)
A: venomous fangs, almost no armour, (amphibious), 8 rings, tiny, (camouflage
1), (gelatinous body 1), (nimble swimmer 1), (tentacles)
a: End Transformation


You were on level 4 of the Dungeon.
You were a venomous arachnid creature.
You visited 1 branch of the dungeon, and saw 4 of its levels.

You collected 131 gold pieces.

Inventory:

Missiles
 g - 19 poisoned darts
Jewellery
 i - a +4 ring of evasion
Wands
 k - a wand of flame (5)
Scrolls
 b - a scroll of noise {unknown}
 d - a scroll of vulnerability {unknown}
 e - a scroll of identify {unknown}
 l - a scroll of magic mapping {unknown}
Potions
 a - a potion of might {unknown}
 c - 4 potions of flight {unknown}
 f - 2 potions of curing {unknown}
 h - a potion of brilliance {unknown}
 j - a potion of cancellation {unknown}
 m - a potion of invisibility {unknown}


   Skills:
 + Level 1.5 Fighting
 + Level 2.8 Dodging
 + Level 2.6 Stealth
 + Level 4.5 Unarmed Combat
 * Level 2.9 Spellcasting
 * Level 2.6 Transmutations
 * Level 2.1 Poison Magic


You had 6 spell levels left.
You knew the following spells:

 Your Spells              Type           Power      Damage    Failure   Level
a - Beastly Appendage     Tmut           22%        N/A       17%         1
b - Spider Form           Tmut/Pois      5%         N/A       41%         3

Your spell library contained the following spells:

 Spells                   Type           Power      Damage    Failure   Level
 Wereblood                Tmut           11%        N/A       22%         2
 Ice Form                 Ice/Tmut       7%         N/A       86%         4


Dungeon Overview and Level Annotations

Branches:
Dungeon (4/15)
 Temple: D:4-7

Altars:

Annotations:
D:2 1 runed translucent door, exclusion: door, Crazy Yiuf
D:3 exclusion: downstairs


Innate Abilities, Weirdness & Mutations

You are a venomous arachnid creature.
You have poisonous fangs.
You are tiny and dextrous.
Your spellcasting is less reliable in this form.
Your armour is entirely melded.
You are incapable of wielding weapons or throwing items.
You cannot wear most types of armour.
((You are amphibious.))
You can wear up to eight rings at the same time.
((Your skin changes colour to match your surroundings (Stealth+).))
((Your rubbery body absorbs attacks. (AC +1, EV +1)))
((You are camouflaged near water. (Stealth+)))
((You have tentacles for arms and can constrict up to eight enemies at once.))


Message History

Things that are here:
a +0 hand axe; a +0 leather armour; an orc corpse You start resting.
Your transformation has ended.
You start resting.
Magic restored.
There is a stone staircase leading down here.
Casting: Spider Form (quite dangerous; 21% risk of failure)
Confirm with . or Enter, or press ? or * to list all spells.
The spell is quite dangerous to cast (21% risk of failure)!
Continue anyway? [Y]es or [N]o only, please.
The spell is quite dangerous to cast (21% risk of failure)!
Continue anyway?
Okay, then.
Casting: Spider Form (quite dangerous; 21% risk of failure)
Confirm with . or Enter, or press ? or * to list all spells.
The spell is quite dangerous to cast (21% risk of failure)!
Continue anyway?
Okay, then.
HP restored.
Done exploring.
Casting: Spider Form (quite dangerous; 21% risk of failure)
Confirm with . or Enter, or press ? or * to list all spells.
The spell is quite dangerous to cast (21% risk of failure)!
Continue anyway?
You turn into a venomous arachnid creature.
Unknown command.
You climb downwards.
Your transformation is almost over.
The hobgoblin hits you but does no damage.
The orc priest mumbles some strange prayers to Beogh against you.
Beogh smites you! The hobgoblin misses you.
There is a stone staircase leading up here.
You hit the orc but do no damage.
The orc is poisoned.
The orc hits you with a +0 short sword.
You bite the hobgoblin!
You kill the hobgoblin!
The orc priest mumbles some strange prayers to Beogh against you.
Beogh smites you! The orc hits you with a +0 short sword.
* * * LOW HITPOINT WARNING * * *
The orc priest calls down the wrath of Beogh upon you.
Pain shoots through your body!
You die...

....... .......
#...#.........#
#...<.........
#...#....#.###..
#. ##.....###.#
.....o....#
..........
....#>..).##
..####.o†s.# ...
#..o##.# #....
.. #..... ...
....... ...
####... ## ##.#
..


You could see 2 orc priests and an orc (very poisoned).

Vanquished Creatures
  2 jellies (D:2)
  An orc priest (D:3)
  Natasha (thrice) (D:3)
  Robin (D:2)
  An adder (D:3)
  A dart slug (D:1)
  2 orcs
  6 ball pythons (D:1)
  12 endoplasms
  10 hobgoblins
  3 jackals (D:1)
  2 quokkas (D:1)
  3 bats
  A frilled lizard (D:1)
  10 goblins
  10 kobolds
  7 rats
75 creatures vanquished.

Vanquished Creatures (others)
  6 fungi (D:2)
  9 toadstools (D:2)
15 creatures vanquished.

Grand Total: 90 creatures vanquished

Notes
Turn   | Place    | Note
-------+----------+-------------------------------------------
     0 | D:1      | H0rd4k the Octopode Transmuter began the quest for the Orb.
     0 | D:1      | Reached XP level 1. HP: 13/13 MP: 3/3
    89 | D:1      | Found a faded altar of an unknown god.
   381 | D:1      | Reached XP level 2. HP: 12/18 MP: 5/5
  1274 | D:1      | Reached XP level 3. HP: 23/23 MP: 6/6
  1766 | D:1      | Learned a level 3 spell: Spider Form
  1834 | D:2      | Reached skill level 1 in Stealth
  1912 | D:2      | Noticed Robin
  2388 | D:3      | Reached XP level 4. HP: 22/28 MP: 7/7
  2599 | D:3      | Noticed Natasha
  2606 | D:3      | Killed Natasha
  2607 | D:3      | Reached skill level 4 in Unarmed Combat
  2802 | D:3      | Noticed Natasha
  2813 | D:3      | Killed Natasha
  3080 | D:3      | Noticed Natasha
  3087 | D:3      | Killed Natasha
  3088 | D:3      | Reached skill level 1 in Poison Magic
  3088 | D:3      | Reached XP level 5. HP: 23/33 MP: 4/8
  3586 | D:2      | Killed Robin
  4028 | D:2      | Reached XP level 6. HP: 15/38 MP: 6/10
  4362 | D:2      | Found a runed translucent door.
  4363 | D:2      | Noticed Crazy Yiuf
  4936 | D:4      | Killed from afar by an orc priest

Illustrated notes

Levels and vault maps discovered:
D:1:      lemuel_arrival_tunnels, layout_basic, basic_ecumenical_altar
D:2:      cheibrodos_fertilizer, layout_rooms, lightli_corner_chamber,
          uniq_crazy_yiuf_cottage, uniq_robin
D:3:      layout_basic, uniq_natasha
D:4:      layout_layer_cave, uniq_eustachio, uniq_duvessa

Skill      XL: |  1  2  3  4  5  6 |
---------------+-------------------+-----
Stealth        | 1 2 |  2.6
Unarmed Combat | 4 |  4.5
Poison Magic   | 1 2 |  2.1
Fighting       | |  1.5
Dodging        | |  2.8
Spellcasting   | |  2.9
Transmutations | |  2.6

Action                   |  1- 3 |  4- 6 || total
-------------------------+-------+-------++-------
Melee: Unarmed           |   116 |    75 ||   191
       Constrict         |    28 |     7 ||    35
       Tentacles         |    14 |     7 ||    21
       Punch             |     4 |     3 ||     7
 Cast: Spider Form       |       |     8 ||     8
 Stab: Sleeping          |     2 |     4 ||     6
Armor: Skin              |    13 |     6 ||    19
Dodge: Dodged            |    80 |    47 ||   127
